 Dungeon Crawl Stone Soup version 0.31-a0-845-g9abc20d24f (webtiles) character file.

Game seed: 5117183945988954669

535 javelincjr the Changeling (level 7, -7/52 HPs)
             Began as a Demonspawn Shapeshifter on Oct 2, 2023.
             Mangled by a wight
             ... wielding a +0 great sword
              (14 damage)
             ... on level 7 of the Dungeon.
             The game lasted 00:11:51 (2906 turns).

javelincjr the Changeling (Demonspawn Shapeshifter) Turns: 2906, Time: 00:11:52

Health: -7/52      AC:  6    Str: 15    XL:     7   Next: 4%
Magic:  7/7        EV: 11    Int: 15    God:
Gold:   187        SH: 11    Dex: 12    Spells: 2/6 levels left

rFire   + . .        o - +2 short sword (speed)
rCold   . . .        D - +0 tower shield
rNeg    . . .        B - +0 scale mail {Will+}
rPois   .            (helmet currently unavailable)
rElec   .            (cloak currently unavailable)
rCorr   .            (gloves currently unavailable)
SInv    .            (boots currently unavailable)
Will    +....        (no amulet) Stlth
                     y - +5 ring of evasion
HPRegen 0.28/turn    t - ring of protection from fire
MPRegen 0.10/turn

%: no passive effects
@: beast-form
A: beast (slay +2), antennae 1, hooves 2, demonic magic 1, demonic touch 1,
clever 1
a: Begin Untransformation


You were on level 7 of the Dungeon.
You were a hulking beast.
You visited 1 branch of the dungeon, and saw 5 of its levels.

You collected 271 gold pieces.
You spent 84 gold pieces at shops.

Inventory:

Hand Weapons
 o - a +2 short sword of speed (weapon)
Missiles
 g - 8 boomerangs (quivered)
 r - 2 poisoned darts
Armour
 l - a +0 robe of cold resistance
 n - a +0 cloak
 p - a +0 chain mail
 q - a +0 helmet
 s - an orb of energy
 B - a +0 scale mail of willpower (worn)
 D - a +0 tower shield (worn)
Jewellery
 t - a ring of protection from fire (right hand)
 y - a +5 ring of evasion (left hand)
 F - a ring of wizardry
Talismans
 c - a beast talisman (active)
 d - a flux talisman
Wands
 E - a wand of flame (9)
Scrolls
 a - 2 scrolls of vulnerability
 j - a scroll of fog {unknown}
 k - a scroll of blinking {unknown}
 m - 4 scrolls of teleportation
 u - a scroll of silence {unknown}
 v - a scroll of enchant weapon {unknown}
 w - a scroll of fear {unknown}
 x - a scroll of butterflies {unknown}
 z - a scroll of poison {unknown}
 A - a scroll of identify
Potions
 b - 2 potions of lignification
 e - a potion of degeneration
 f - a potion of haste {unknown}
 h - a potion of magic {unknown}
 i - a potion of might {unknown}
 C - a potion of enlightenment {unknown}


   Skills:
 + Level 3.3 Fighting
 + Level 1.3 Armour
 + Level 3.4 Dodging
 + Level 1.1 Shields
 + Level 4.0 Unarmed Combat
 * Level 4.3 Shapeshifting


You had 2 spell levels left.
You knew the following spells:

 Your Spells              Type           Power      Damage    Failure   Level
a - Ensorcelled Hibernat  Hex/Ice        0%         N/A       100%        2
b - Passwall              Tmut/Erth      0%         N/A       100%        2

Your spell library contained the following spells:

 Spells                   Type           Power      Damage    Failure   Level
 Jinxbite                 Hex            0%         N/A       100%        2
 Swiftness                Air            0%         N/A       100%        3
 Anguish                  Hex/Necr       0%         N/A       100%        4


Dungeon Overview and Level Annotations

Branches:
Dungeon (4/15)
 Temple: D:4-7

Altars:
Gozag

Shops:
D:3 *


Innate Abilities, Weirdness & Mutations

You are a hulking beast.
Your limbs bulge with bestial killing power. (Slay +2)
You have a pair of small antennae on your head.
You have hoof-like feet.
Spells you cast may paralyse adjacent enemies.
Your touch may inflict minor irresistible damage on your foes.
Your mind is acute. (Int +4, Str/Dex -1)


Message History

a +0 scimitar; a +0 robe The wight attacks as it pursues you!
You block the wight's attack. You block the wight's attack.
The wight barely misses you. The wight closely misses you.
You hit the wight but do no damage. You kick the wight.
The wight is lightly damaged.
You block the wight's attack.
You barely miss the wight. You kick the wight, but do no damage.
The wight is lightly damaged.
You block the wight's attack.
You barely miss the wight. You kick the wight.
The wight is moderately damaged.
You block the wight's attack.
You hit the wight. You kick the wight.
The wight is severely damaged.
You block the wight's attack. x2
You closely miss the wight. You kick the wight, but do no damage.
The wight is severely damaged.
The wight hits you with a +0 halberd!
The wight hits you with a +0 great sword!!
You are too injured to fight recklessly!
You are too injured to fight recklessly!
You hit the wight.
You destroy the wight!
You block the wight's attack.
Your Unarmed Combat skill increases to level 4!
You have reached level 7!
Your demonic ancestry asserts itself...
Your feet thicken and deform.
You closely miss the wight. The wight barely misses you.
You closely miss the wight. The wight closely misses you.
You hit the wight but do no damage.
The wight hits you with a +0 great sword!
* * * LOW HITPOINT WARNING * * *
You hit the wight.
The wight is lightly damaged.
You block the wight's attack.
The wight hits you with a +0 great sword!
You die...

#................###
../..........##..#.## .
............##.....#### ..
..........##.....>... #.#
#.................. . ..
#.....#............
....#.#.....#...#........ #
............#z###.....###
##.......##.##).h.#...)...#
##.......######)..##......#
.......... #.#..#....###
....#....# ####.#...##
.#..##...# ####......##
.........# #.##.....##
.........# ##.##......##
†........# #...........#
........## #.....>....##


You could see a wight.

Vanquished Creatures
  A sky beast (D:7)
  2 wights (D:7)
  2 iguanas
  Jessica (D:2)
  Ijyb (D:4)
  Terence (D:2)
  An orc wizard (D:3)
  7 adders
  A worm (D:3)
  4 dart slugs
  21 orcs
  3 bats
  6 endoplasms
  6 giant cockroaches
  6 goblins
  8 hobgoblins
  6 jackals
  2 quokkas
  7 ball pythons
  4 frilled lizards
  4 kobolds
  3 rats
97 creatures vanquished.

Notes
Turn   | Place    | Note
-------+----------+-------------------------------------------
     0 | D:1      | javelincjr the Demonspawn Shapeshifter began the quest for
                  | the Orb.
     0 | D:1      | Reached XP level 1. HP: 15/15 MP: 1/1
   202 | D:1      | Discovered your monstrous ancestry.
   202 | D:1      | Gained mutation: You have large cloven feet. [demonic
                  | ancestry]
   202 | D:1      | Reached XP level 2. HP: 18/21 MP: 2/2
   709 | D:1      | Gained mutation: Your touch may inflict minor irresistible
                  | damage on your foes. [demonic ancestry]
   709 | D:1      | Reached XP level 3. HP: 23/26 MP: 3/3
   940 | D:2      | Noticed Jessica
   943 | D:2      | Killed Jessica
   944 | D:2      | Gained mutation: Spells you cast may paralyse adjacent
                  | enemies. [demonic ancestry]
   944 | D:2      | Reached XP level 4. HP: 30/33 MP: 4/4
  1085 | D:2      | Noticed Terence
  1093 | D:2      | Killed Terence
  1352 | D:2      | Gained mutation: You have a pair of small antennae on your
                  | head. [demonic ancestry]
  1352 | D:2      | Reached XP level 5. HP: 35/39 MP: 5/5
  1443 | D:3      | Gained mutation: Your mind is acute. (Int +4, Str/Dex -1)
                  | [potion of mutation]
  1564 | D:3      | Learned a level 2 spell: Ensorcelled Hibernation
  1567 | D:3      | Learned a level 2 spell: Passwall
  1573 | D:3      | Found an opulent altar of Gozag.
  1591 | D:3      | Found Cywkajeo's Assorted Antiques.
  1599 | D:3      | Bought a scroll labelled UDWYASHUIF for 28 gold pieces
  1599 | D:3      | Bought a scroll labelled ARUFOU WEOMP for 28 gold pieces
  1599 | D:3      | Bought a scroll labelled ALYIPL ZENAM for 28 gold pieces
  1986 | D:4      | Noticed Ijyb
  2015 | D:4      | Killed Ijyb
  2016 | D:4      | Reached XP level 6. HP: 33/46 MP: 6/6
  2659 | D:4      | You fall into a shaft and drop 3 floors!
  2736 | D:7      | Noticed a sky beast
  2754 | D:7      | Killed a sky beast
  2755 | D:7      | Reached skill level 1 in Armour
  2832 | D:7      | Reached skill level 1 in Shields
  2903 | D:7      | Gained mutation: You have hoof-like feet. [demonic
                  | ancestry]
  2903 | D:7      | Reached XP level 7. HP: 18/52 MP: 7/7
  2906 | D:7      | Mangled by a wight

Illustrated notes

Levels and vault maps discovered:
D:1:      roderic_octagonal_star, layout_basic, grunt_decor_arrowhead,
          nrook_mini_vaults, minivault_11, kennysheep_decorative_pillar
D:2:      layout_rooms, hangedman_decor_peaks_small, uniq_terence, uniq_jessica
D:3:      layout_rooms, mainiacjoe_overflow_divided_tiny, serial_shops,
          nicolae_shop_advertising_works [nicolae_subvault_shop_adworks]
D:4:      layout_loops_corners, uniq_ijyb
D:7:      layout_cave_pools, grunt_decor_resistance

Skill      XL: |  1  2  3  4  5  6 |
---------------+-------------------+-----
Dodging        | 2 3 |  3.4
Unarmed Combat | 3 4 |  4.0
Shapeshifting  | 3 4 |  4.3
Fighting       | 2 3 |  3.3
Armour         | 1 |  1.3
Shields        | 1 |  1.1

Action                     |  1- 3 |  4- 6 |  7- 9 || total
---------------------------+-------+-------+-------++-------
  Melee: Unarmed           |    66 |    16 |       ||    82
         Kick              |     9 |    59 |       ||    68
         Touch             |     9 |    13 |       ||    22
         Short sword       |       |   179 |     4 ||   183
         Punch             |       |     1 |       ||     1
  Throw: Boomerang         |       |    10 |       ||    10
    Use: Scroll            |       |     4 |       ||     4
         Potion            |       |     1 |       ||     1
   Stab: Sleeping          |     3 |       |       ||     3
 Armour: Animal skin       |    30 |       |       ||    30
         Robe              |       |    32 |       ||    32
         Scale mail        |       |    46 |     2 ||    48
  Dodge: Dodged            |    38 |    70 |     2 ||   110
  Block: Tower shield      |       |    55 |     1 ||    56

Table legend: (Time is in decaauts)
 A = Elapsed time spent in this place.
 B = Non-inter-level travel time spent in this place.
 C = Inter-level travel time spent in this place.
 D = Time resting spent in this place.
 E = Time spent auto-exploring this place.
 F = Levels seen in this place.
 G = Mean time per level.
                   A        B        C        D        E       F      G
               +--------+--------+--------+--------+--------+-----+--------+
         Total |   2899 |   2867 |     32 |     13 |   2094 |   5 |  579.8 |
       Dungeon |   2899 |   2867 |     32 |     13 |   2094 |   5 |  579.8 |
               +--------+--------+--------+--------+--------+-----+--------+

Top non-repeatable levels by time:
     D:4: 841 daAuts
     D:1: 811 daAuts
     D:2: 524 daAuts
     D:3: 469 daAuts
     D:7: 252 daAuts
